Map: Kairos Junction LE

Players

BuRning

  • Race: Terran Terran
  • League: Master
  • Spawn Location: 5:00

Minatoeh (Minato) - Winner!

  • Race: Zerg Zerg
  • Spawn Location: 11:00

Event: 2019 WCS Spring

VOD

Have the link to the VOD?

Description

Time

  • Played on: May 17, 2019, 6:58 a.m.
  • Length: 20:29

All games in this series

Show
View Real Time Build Order
Export as new Build Order

BuRning Terran 

Build Orders: Liberator Opening, Reaper Expand 

Get SALT Encoding   

  12  0:00  SCV  
  13  0:13  SCV  
  14  0:17  Supply Depot  
  14  0:26  SCV  
  15  0:38  SCV  
  15  0:40  Barracks  
  16  0:44  Refinery  
  16  0:51  SCV  
  17  1:03  SCV  
  18  1:15  SCV  
  19  1:27  Reaper, Orbital Command  
  20  1:40  Command Center  
  20  1:50  Supply Depot  
  20  1:53  SCV  
  21  1:59  Marine  
  22  2:05  SCV  
  22  2:08  Factory  
  23  2:13  Refinery  
  23  2:17  SCV  
  24  2:24  Barracks Reactor  
  24  2:29  SCV  
  25  2:41  SCV  
  26  2:52  Orbital Command  
  26  2:54  Starport  
  26  2:55  SCV  
  27  3:07  SCV  
  27  3:09  Hellion x2  
  32  3:16  Barracks Tech Lab  
  32  3:17  SCV  
  33  3:25  Supply Depot  
  33  3:28  SCV  
  33  3:30  Hellion  
  33  3:31  Viking, Hellion  
  33  3:33  SCV  
  41  3:36  Marine  
  41  3:37  Stimpack  
  41  3:40  SCV  
  43  3:46  Liberator  
  43  3:49  SCV  
  43  3:50  Supply Depot  
  43  3:52  Hellion x2  
  43  3:53  SCV  
  49  3:58  Marine  
  49  4:01  SCV  
  54  4:11  SCV  
  54  4:13  SCV  
  56  4:20  Command Center  
  56  4:23  SCV  
  57  4:25  SCV  
  57  4:29  Barracks  
  58  4:32  Factory Tech Lab  
  58  4:35  SCV, Supply Depot  
  58  4:38  SCV  
  60  4:39  Marine  
  60  4:44  Barracks  
  61  4:46  Liberator  
  61  4:56  Bunker  
  61  4:57  Siege Tank  
  61  4:59  Bunker  
  64  5:03  Marauder  
  69  5:08  SCV  
  70  5:18  SCV, Marine  
  70  5:23  Supply Depot, Marine  
  70  5:24  Marine  
  71  5:35  SCV  
  58  5:36  Siege Tank, Marine  
  58  5:40  Engineering Bay x2  
  58  5:42  Marine x2, Barracks Reactor  
  64  5:44  SCV  
  64  5:46  Orbital Command, Refinery  
  64  5:47  Refinery  
  64  5:49  Starport Reactor  
  65  5:51  SCV  
  65  5:53  Marine  
  65  5:54  Supply Depot  
  67  5:59  SCV  
  67  6:00  Marine  
  67  6:02  Marine  
  67  6:03  SCV  
  71  6:11  SCV, Marine  
  71  6:12  Supply Depot  
  71  6:13  Siege Tank  
  71  6:18  Marine  
  76  6:20  Marine  
  76  6:22  Marine x2  
  76  6:23  SCV  
  68  6:29  Marine  
  63  6:35  Marine  
  63  6:38  SCV, Medivac x2, Marine  
  70  6:40  Marine x2  
  67  6:47  Marine  
  67  6:52  Siege Tank  
  67  6:53  Marine  
  63  6:55  Terran Infantry Weapons Level 1, Marine  
  63  6:56  Terran Infantry Armor Level 1  
  63  6:58  Marine x2  
  65  7:03  Orbital Command  
  65  7:05  SCV x2, Marine  
  68  7:11  Combat Shield, Marine  
  68  7:13  Marine  
  70  7:16  Marine  
  70  7:17  SCV, Supply Depot  
  70  7:19  Marine  
  73  7:23  Marine  
  73  7:26  SCV, Supply Depot  
  73  7:29  Marine  
  76  7:30  SCV  
  76  7:31  SCV, Marine  
  76  7:33  Marine  
  80  7:39  SCV  
  80  7:40  Medivac x2  
  80  7:42  SCV  
  80  7:43  Siege Tank, Supply Depot  
  80  7:44  SCV  
  91  7:51  SCV  
  91  7:52  Marine x5, Supply Depot  
  91  7:55  SCV  
  91  7:58  SCV  
  98  8:03  SCV  
  99  8:07  SCV  
  99  8:10  SCV, Marine x2  
  99  8:11  Armory  
  103  8:13  Barracks x2  
  103  8:15  Supply Depot  
  103  8:16  Marine x3  
  106  8:22  SCV  
  106  8:23  SCV  
  106  8:26  Factory  
  108  8:28  Marine x2  
  109  8:40  Marine x3  
  108  8:44  Siege Tank  
  108  8:45  Marine  
  108  8:46  Supply Depot, Marine  
  113  8:49  Medivac x2  
  117  8:58  Marine x2  
  117  8:59  SCV x3, Terran Infantry Weapons Level 2  
  117  9:01  Marine x3  
  125  9:08  Terran Infantry Armor Level 2  
  122  9:12  SCV x3  
  122  9:15  Refinery  
  122  9:16  Factory Reactor  
  125  9:17  Supply Depot  
  122  9:24  SCV  
  122  9:25  Marine x4  
  122  9:26  Marauder  
  122  9:27  Barracks Reactor x2  
  122  9:28  SCV x2  
  131  9:33  Supply Depot  
  131  9:36  SCV  
  131  9:37  Terran Vehicle Weapons Level 1  
  132  9:39  Missile Turret  
  132  9:40  SCV, Supply Depot  
  132  9:43  Missile Turret, Marine x3  
  131  9:45  Missile Turret  
  131  9:50  SCV x2  
  131  9:52  Marine x2  
  132  10:07  SCV x3  
  132  10:09  Marine x5  
  132  10:10  Marauder  
  142  10:18  Thor  
  142  10:21  Marine x3  
  142  10:22  Medivac x2  
  147  10:29  Marine  
  147  10:31  Marauder  
  147  10:32  Marine x2  
  147  10:41  Marine x3  
  136  10:46  Widow Mine  
  136  10:47  Thor, Widow Mine  
  133  10:53  Marine x3  
  133  10:54  Marine  
  131  10:58  SCV  
  131  11:04  Command Center  
  114  11:05  Marine  
  114  11:06  Marine x3  
  97  11:22  Terran Infantry Weapons Level 3  
  96  11:31  Marine x4  
  96  11:32  Marine x2  
  98  11:35  Medivac x2, Marine x2, Widow Mine  
  93  11:46  Marine  
  90  11:49  Marine x3  
  93  11:54  Terran Vehicle And Ship Armor Level 1  
  93  11:56  Barracks  
  93  11:58  Barracks  
  93  11:59  Barracks  
  93  12:01  Widow Mine  
  93  12:02  Widow Mine x2  
  93  12:05  Marine x2  
  101  12:11  Marine  
  101  12:12  Marine x3  
  102  12:27  Marine x3  
  102  12:29  SCV  
  106  12:30  SCV  
  106  12:31  Marine x3  
  106  12:32  Marine  
  106  12:33  Widow Mine x2  
  115  12:39  Orbital Command  
  115  12:42  SCV x2  
  117  12:54  SCV x2  
  117  12:57  Orbital Command  
  119  13:04  Marine x3  
  122  13:08  SCV x2  
  122  13:15  Marine  
  122  13:16  Thor, Marine  
  122  13:17  Widow Mine x2  
  134  13:20  SCV  
  134  13:27  SCV  
  136  13:29  Missile Turret  
  136  13:30  Marine  
  136  13:32  SCV  
  138  13:36  Barracks Reactor  
  138  13:37  Barracks Tech Lab  
  138  13:41  SCV  
  138  13:42  SCV, Marine  
  141  13:56  SCV, Marine  
  141  13:57  Marine x2  
  141  13:59  Widow Mine  
  141  14:01  Widow Mine  
  141  14:02  Marine x2  
  141  14:03  SCV x2  
  141  14:04  Marine  
  141  14:05  Marine x2  
  130  14:19  SCV  
  130  14:20  SCV  
  130  14:22  Terran Infantry Armor Level 3  
  130  14:23  Barracks Tech Lab  
  132  14:28  Marine x5  
  132  14:29  Marauder x2  
  141  14:40  Sensor Tower  
  141  14:47  Supply Depot x3  
  141  14:50  Supply Depot  
  141  15:00  Marine x2  
  141  15:01  Marine  
  141  15:03  Marine x2  
  141  15:04  Marine x2  
  137  15:11  Marine  
  137  15:12  Marine x2  
  131  15:25  Marine  
  131  15:26  Thor, Marine  
  131  15:27  Widow Mine x2  
  143  15:33  Sensor Tower  
  143  15:34  Command Center  
  143  15:37  Terran Vehicle And Ship Armor Level 2  
  143  15:40  Marauder  
  145  15:52  Marine x3  
  145  15:54  Marine x4  
  135  16:19  SCV x2  
  135  16:22  Widow Mine x2  
  141  16:31  Marine x3  
  141  16:32  Marine  
  140  16:50  Marine  
  140  16:51  SCV x3, Marine  
  145  17:05  Barracks Tech Lab  
  145  17:06  Marine  
  145  17:07  Marauder, Marine  
  149  17:08  Missile Turret  
  149  17:10  Orbital Command  
  149  17:19  Planetary Fortress  
  143  17:41  SCV x2  
  143  17:42  Missile Turret  
  142  17:45  Missile Turret  
  142  17:49  Medivac  
  144  18:04  SCV x2  
  144  18:05  SCV  
  147  18:07  Missile Turret  
  147  18:08  Medivac  
  147  18:10  Widow Mine x3  
  156  18:20  Marine x4  
  156  18:23  SCV  
  156  18:24  SCV x2  
  156  18:26  Supply Depot  
  163  18:32  Orbital Command  
  162  18:39  Marine x2  
  155  18:42  Drilling Claws  
  155  18:43  Marine x3  
  155  18:44  Marauder x2  
  155  18:45  Widow Mine x2  
  166  18:52  Thor, Marine x2  
  174  18:59  Marine x3  
  174  19:00  Barracks Tech Lab  
  177  19:05  Marauder  
  177  19:07  SCV x3  
  177  19:08  SCV  
  183  19:16  Missile Turret  
  187  19:19  SCV  
  187  19:20  SCV  
  187  19:21  SCV  
  185  19:36  Command Center  
  182  19:39  Orbital Command  
  182  19:43  Marauder, Marine x4  
  159  19:51  Marauder, Marine x4  
  137  20:00  SCV  
  137  20:02  SCV  
  137  20:05  Marauder, Widow Mine x2  
Show
View Real Time Build Order
Export as new Build Order

Minatoeh Zerg - Winner!

Build Orders: Hatch First 

Get SALT Encoding   

  12  0:00  Drone  
  13  0:12  Overlord  
  13  0:17  Drone  
  14  0:30  Drone  
  14  0:31  Drone  
  16  0:50  Hatchery  
  16  0:52  Drone  
  16  0:55  Drone  
  17  0:58  Drone  
  18  1:10  Extractor  
  17  1:14  Spawning Pool  
  17  1:17  Drone  
  17  1:20  Drone  
  18  1:28  Drone  
  19  1:40  Drone  
  20  1:49  Drone  
  21  2:01  Queen x2  
  21  2:02  Zergling x4  
  27  2:16  Hatchery  
  26  2:23  Drone x2  
  26  2:27  Metabolic Boost  
  27  2:33  Overlord  
  27  2:46  Overlord  
  27  2:51  Queen  
  27  2:52  Drone x2  
  27  2:53  Drone  
  27  2:54  Drone  
  27  2:56  Drone  
  34  2:58  Drone  
  35  3:11  Drone x5  
  40  3:20  Overlord  
  40  3:21  Overlord  
  40  3:30  Queen, Roach Warren  
  41  3:34  Drone x2  
  41  3:40  Zergling x4  
  45  3:46  Extractor  
  44  3:52  Drone x7  
  50  4:05  Overlord x3  
  50  4:11  Roach x3  
  56  4:25  Roach x6  
  56  4:28  Roach  
  70  4:36  Zergling x2  
  70  4:37  Zergling x4  
  73  4:41  Overlord x3  
  73  4:49  Roach x2  
  73  4:53  Overlord x2  
  73  5:00  Roach x2, Zergling x12  
  73  5:05  Ravager x2  
  73  5:06  Zergling x6  
  73  5:07  Zergling x4  
  82  5:11  Ravager  
  82  5:12  Ravager, Zergling x2  
  82  5:13  Zergling x6  
  86  5:17  Zergling x4  
  86  5:18  Zergling x2  
  85  5:33  Drone x4  
  85  5:34  Drone  
  87  5:36  Drone x3  
  90  5:43  Drone  
  90  5:45  Ravager x3  
  90  5:46  Drone x2  
  96  5:53  Lair  
  96  5:54  Drone  
  96  5:56  Drone x2  
  99  6:03  Overlord  
  99  6:09  Drone x2  
  101  6:11  Drone  
  100  6:24  Drone x5  
  80  6:44  Zergling x2  
  80  6:45  Zergling x20  
  75  7:00  Glial Reconstitution  
  75  7:02  Queen  
  75  7:03  Queen  
  75  7:05  Drone x7  
  80  7:10  Extractor  
  80  7:12  Extractor  
  80  7:13  Extractor  
  80  7:14  Spire  
  76  7:19  Drone x2  
  76  7:20  Drone x3  
  76  7:21  Drone  
  82  7:23  Evolution Chamber, Roach  
  82  7:24  Roach x3  
  82  7:28  Roach x2  
  93  7:31  Extractor  
  93  7:33  Roach  
  94  7:38  Roach x2  
  98  7:47  Overlord x2  
  98  7:51  Zerg Ground Armor Level 1  
  98  7:53  Hatchery  
  97  8:01  Zergling x16  
  97  8:05  Hatchery  
  104  8:14  Overlord x2  
  104  8:25  Mutalisk x6  
  116  8:28  Roach, Zergling x8  
  119  8:35  Roach x3  
  124  8:45  Roach  
  124  8:46  Roach x5  
  133  8:58  Roach x6  
  145  9:09  Mutalisk, Hatchery  
  145  9:10  Mutalisk x2  
  151  9:18  Overlord x5  
  151  9:23  Evolution Chamber  
  148  9:36  Baneling Nest  
  147  9:40  Mutalisk x4  
  147  9:43  Zergling x12  
  161  9:52  Roach x2  
  169  9:53  Roach x2  
  169  10:00  Roach x5  
  177  10:09  Roach x2  
  177  10:10  Roach x2  
  180  10:16  Zerg Ground Armor Level 2  
  175  10:23  Zerg Melee Weapons Level 1  
  151  10:48  Roach x6  
  151  10:49  Roach x7, Zergling x2  
  158  11:03  Roach x2, Zergling x8  
  158  11:04  Roach, Zergling x4  
  128  11:20  Roach x6  
  121  11:35  Roach x4, Zergling x8  
  113  11:47  Roach x5  
  113  11:50  Ravager x5  
  126  11:57  Mutalisk x3  
  132  12:10  Baneling  
  132  12:11  Centrifical Hooks, Baneling x2  
  132  12:13  Zergling x18  
  141  12:26  Mutalisk x2  
  145  12:30  Zergling x12  
  145  12:31  Zergling x6  
  154  12:37  Baneling x4  
  154  12:39  Extractor  
  154  12:40  Extractor, Drone  
  154  12:41  Drone  
  154  12:42  Drone  
  154  12:43  Drone x2  
  157  12:45  Drone  
  158  12:51  Mutalisk x2  
  158  12:52  Mutalisk  
  164  13:00  Zerg Melee Weapons Level 2  
  164  13:03  Zergling x2  
  164  13:04  Zergling x14  
  172  13:15  Infestation Pit, Pneumatized Carapace  
  172  13:16  Overseer  
  172  13:19  Overseer  
  171  13:20  Zergling x12  
  177  13:30  Zergling x16  
  177  13:32  Baneling  
  177  13:33  Baneling x5  
  175  14:05  Mutalisk x7  
  173  14:13  Mutalisk  
  163  14:19  Zergling x20  
  163  14:20  Zergling x18  
  182  14:41  Hive  
  182  14:46  Mutalisk x4  
  182  14:48  Baneling  
  182  14:49  Baneling x6  
  190  14:55  Baneling x5  
  187  15:03  Mutalisk  
  179  15:15  Zergling x32  
  178  15:22  Zergling x10  
  183  15:33  Zergling x8  
  183  15:34  Zergling x8  
  170  16:11  Mutalisk  
  170  16:12  Mutalisk x11  
  192  16:23  Adrenal Glands  
  192  16:25  Ultralisk Cavern  
  191  16:36  Hatchery  
  173  16:55  Zergling x30  
  173  16:58  Baneling  
  173  16:59  Baneling x3  
  188  17:07  Overlord  
  184  17:30  Chitinous Plating  
  184  17:32  Ultralisk x2  
  186  17:39  Zerg Ground Armor Level 3  
  184  17:50  Ultralisk  
  175  18:01  Ultralisk  
  175  18:02  Zergling x6  
  182  18:07  Baneling  
  182  18:22  Overseer  
  182  18:23  Overseer x2  
  182  18:25  Zergling x2  
  182  18:26  Zergling x14  
  184  18:43  Ultralisk, Zergling x12  
  196  18:49  Anabolic Synthesis  
  196  18:59  Zergling x2  
  196  19:00  Ultralisk, Zergling x12  
  191  19:08  Extractor  
  191  19:09  Drone x3  
  192  19:10  Extractor, Drone  
  192  19:11  Drone x2  
  192  19:14  Ultralisk  
  188  19:33  Zergling x18  
  188  19:34  Zergling x6  
  164  19:50  Drone x3  
  164  19:51  Drone  
  164  19:52  Drone  
  156  19:53  Drone x10  
  157  20:01  Drone x4  
Tags
 
Add a new tag
Caveats
  • Supply blocks, unpowered buildings, or Contaminate may cause inaccurate times.
  • Supply counts are checked every 10 seconds.